Map: Lightshade LE

Players

MarcoMan - Winner!

  • Race: Protoss Protoss
  • League: Master
  • Spawn Location: 11:00

Nox

  • Race: Protoss Protoss
  • League: Master
  • Spawn Location: 5:00

VOD

Have the link to the VOD?

Description

Time

  • Played on: Jan. 15, 2021, 12:08 a.m.
  • Length: 13:34
Show
View Real Time Build Order
Export as new Build Order

MarcoMan Protoss - Winner!

Build Orders: Proxy Void Ray 

Get SALT Encoding   

  12  0:00  Probe  
  13  0:12  Probe  
  14  0:19  Pylon  
  14  0:24  Probe  
  15  0:37  Probe  
  15  0:39  Forge  
  16  0:52  Gateway  
  16  1:01  Assimilator  
  16  1:13  Probe  
  16  1:16  Assimilator  
  17  1:25  Pylon, Probe  
  17  1:32  Assimilator  
  17  1:37  Zealot (Chrono Boost)  
  17  1:38  Probe  
  20  1:50  Probe  
  21  1:55  Cybernetics Core  
  21  2:02  Probe  
  22  2:13  Photon Cannon  
  22  2:25  Photon Cannon  
  22  2:36  Stargate  
  22  2:38  Shield Battery  
  22  2:40  Pylon  
  22  3:03  Pylon  
  22  3:13  Void Ray (Chrono Boost)  
  22  3:18  Shield Battery  
  26  3:31  Shield Battery  
  26  3:38  Shield Battery  
  24  3:43  Void Ray  
  28  4:04  Shield Battery  
  28  4:15  Photon Cannon  
  28  4:17  Shield Battery  
  28  4:19  Pylon  
  28  4:31  Void Ray  
  32  4:43  Shield Battery  
  32  5:07  Photon Cannon  
  32  5:08  Void Ray  
  36  5:55  Void Ray (Chrono Boost)  
  36  6:00  Nexus  
  36  6:26  Void Ray (Chrono Boost)  
  36  6:30  Robotics Facility  
  40  7:01  Void Ray  
  40  7:06  Photon Cannon  
  40  7:08  Pylon  
  40  7:29  Immortal (Chrono Boost)  
  40  7:38  Shield Battery  
  40  7:39  Probe  
  41  7:51  Probe  
  42  8:03  Probe  
  47  8:05  Immortal  
  47  8:24  Void Ray  
  47  8:32  Probe  
  52  8:40  Robotics Bay  
  52  8:44  Probe  
  54  8:55  Observer  
  54  8:56  Probe (Chrono Boost)  
  54  9:00  Pylon  
  55  9:06  Probe (Chrono Boost)  
  56  9:11  Probe (Chrono Boost)  
  57  9:22  Probe  
  58  9:37  Disruptor (Chrono Boost)  
  60  9:48  Probe  
  60  9:51  Photon Cannon  
  60  9:52  Shield Battery  
  61  9:55  Void Ray  
  57  10:00  Probe  
  57  10:06  Disruptor  
  65  10:08  Gateway  
  65  10:12  Probe  
  66  10:18  Gateway  
  66  10:21  Warp Gate (Chrono Boost)  
  66  10:24  Probe  
  67  10:36  Probe  
  67  10:41  Disruptor  
  71  10:56  Photon Cannon  
  71  11:01  Void Ray  
  75  11:14  Photon Cannon  
  75  11:16  Assimilator, Shield Battery  
  75  11:21  Assimilator  
  75  11:28  Pylon  
  75  11:35  Probe  
  75  11:37  Pylon  
  76  12:21  Pylon  
  76  12:23  Pylon  
  74  12:30  Photon Cannon  
  74  12:38  Immortal (Chrono Boost)  
  78  12:53  Pylon  
  78  12:55  Pylon  
  78  13:12  Pylon  
  84  13:19  Pylon  
Show
View Real Time Build Order
Export as new Build Order

Nox Protoss 

Build Orders:  

Get SALT Encoding   

  12  0:00  Probe (Chrono Boost)  
  13  0:11  Probe (Chrono Boost)  
  14  0:17  Pylon  
  14  0:21  Probe  
  15  0:35  Probe  
  16  0:38  Forge  
  16  0:57  Gateway  
  16  1:02  Probe  
  17  1:04  Assimilator  
  17  1:12  Photon Cannon  
  17  1:15  Probe  
  18  1:29  Probe  
  19  1:41  Probe  
  20  1:53  Probe  
  20  1:54  Zealot (Chrono Boost), Cybernetics Core  
  23  2:04  Pylon  
  23  2:08  Pylon  
  23  2:23  Zealot  
  23  2:25  Probe  
  26  2:30  Warp Gate (Chrono Boost)  
  26  2:37  Gateway  
  26  2:38  Gateway  
  26  2:43  Probe  
  27  2:57  Stalker  
  29  3:04  Photon Cannon  
  28  3:27  Stalker (Chrono Boost)  
  28  3:29  Pylon  
  28  3:31  Shield Battery  
  30  3:40  Assimilator  
  30  3:43  Pylon  
  30  3:52  Shield Battery  
  24  4:13  Stalker x3, Pylon  
  30  4:30  Gateway  
  30  4:34  Sentry  
  32  4:43  Stalker  
  34  4:51  Stalker  
  32  5:06  Shield Battery  
  32  5:07  Shield Battery  
  32  5:12  Stalker  
  34  5:15  Stalker  
  32  5:29  Stalker  
  30  5:36  Stalker  
  30  5:41  Stalker  
  32  5:53  Stalker  
  32  5:55  Probe  
  35  6:02  Stalker  
  37  6:13  Stalker  
  37  6:18  Stalker  
  41  6:26  Stalker  
  43  6:36  Stalker  
  45  6:44  Stalker  
  47  6:51  Stalker  
  49  7:02  Stalker  
  51  7:10  Stalker  
  43  7:24  Stalker  
  43  7:28  Stalker  
  41  7:38  Stalker  
  43  7:47  Stalker  
  45  7:58  Nexus  
  45  8:12  Stalker  
  47  8:22  Stalker  
  47  8:30  Photon Cannon  
  47  8:36  Stalker  
  49  8:47  Stalker  
  51  8:55  Stalker  
  53  9:05  Stalker  
  55  9:14  Stalker  
  57  9:31  Probe (Chrono Boost)  
  58  9:40  Stalker  
  58  9:41  Probe (Chrono Boost)  
  61  9:46  Probe (Chrono Boost)  
  58  9:55  Stalker x2  
  54  10:00  Stalker  
  54  10:02  Probe  
  54  10:06  Assimilator  
  57  10:11  Shield Battery  
  57  10:15  Probe  
  57  10:18  Stalker  
  60  10:22  Stalker  
  62  10:28  Stalker  
  64  10:37  Probe  
  64  10:40  Probe  
  66  10:47  Twilight Council  
  66  10:52  Probe  
  66  10:55  Stalker  
  67  11:07  Stalker  
  69  11:15  Pylon x2  
  69  11:37  Stalker x2  
  69  11:38  Stalker  
  75  11:45  Pylon  
  64  12:17  Stalker x3  
  70  12:38  Twilight Council  
  70  12:51  Nexus  
Tags
 
Matchup
PvP
Replay Pack
Weekend
Spawn Locations
Cross Positions
Add a new tag
Caveats
  • Supply blocks, unpowered buildings, or Contaminate may cause inaccurate times.
  • Supply counts are checked every 10 seconds.